 Dungeon Crawl Stone Soup version 0.28.0-43-g3370ac3207 (webtiles) character file.

Game seed: 12060119750117154303

88 Ablot the Grasshopper (level 4, 0/38 HPs)
             Began as a Gnoll Warper on Mar 3, 2022.
             Slain by a gnoll
             ... wielding a +0 whip
              (7 damage)
             ... on level 2 of the Dungeon.
             The game lasted 00:02:24 (2563 turns).

Ablot the Grasshopper (Gnoll Warper)                Turns: 2563, Time: 00:02:25

Health: 0/38       AC:  3    Str: 12    XL:     4   Next: 54%
Magic:  11/11      EV: 17    Int: 12    God:
Gold:   74         SH:  0    Dex: 12    Spells: 11/13 levels left

rFire   . . .      SeeInvis .   a - +0 short sword (elec)
rCold   . . .      Faith    .   (no shield)
rNeg    . . .      Spirit   .   b - +0 leather armour
rPois   .          Reflect  .   (no helmet)
rElec   .          Harm     .   (no cloak)
rCorr   .          Rampage  .   (no gloves)
Will    .....                   (no boots)
Stlth   +.........              (no amulet)
HPRegen 0.12/turn               k - +4 ring of evasion
MPRegen 0.12/turn               (no ring)

@: no status effects
A: fangs 1, strong nose, distributed training
a: no special abilities


You were on level 2 of the Dungeon.
You visited 1 branch of the dungeon, and saw 3 of its levels.

You collected 74 gold pieces.

Inventory:

Hand Weapons
 a - a +0 short sword of electrocution (weapon)
Missiles
 d - 5 boomerangs of dispersal (quivered)
 e - 37 arrows
 f - 17 sling bullets
 h - 64 stones
 m - 3 poisoned darts
 o - 16 bolts
Armour
 b - a +0 leather armour (worn)
Jewellery
 k - a +4 ring of evasion (left hand)
Scrolls
 c - a scroll of blinking
 g - a scroll of fear {unknown}
 j - a scroll of holy word {unknown}
 l - a scroll of amnesia {unknown}
 n - a scroll of noise {unknown}
 q - a scroll of enchant weapon {unknown}
 r - a scroll of magic mapping {unknown}
 t - a scroll of vulnerability {unknown}
Potions
 i - a potion of degeneration {unknown}
 p - a potion of invisibility {unknown}
 s - a potion of heal wounds {unknown}


   Skills:
 + Level 4.6 Fighting
 + Level 4.6 Short Blades
 + Level 1.2 Long Blades
 + Level 1.2 Axes
 + Level 1.2 Maces & Flails
 + Level 1.2 Polearms
 + Level 1.2 Staves
 + Level 1.2 Slings
 + Level 1.2 Bows
 + Level 1.2 Crossbows
 + Level 2.8 Throwing
 + Level 2.8 Armour
 + Level 4.6 Dodging
 + Level 1.2 Stealth
 + Level 1.2 Shields
 + Level 1.2 Unarmed Combat
 + Level 5.1 Spellcasting
 + Level 1.0 Conjurations
 + Level 1.0 Hexes
 + Level 1.0 Summonings
 + Level 1.0 Necromancy
 + Level 5.5 Translocations
 + Level 1.0 Transmutations
 + Level 1.0 Fire Magic
 + Level 1.0 Ice Magic
 + Level 1.0 Air Magic
 + Level 1.0 Earth Magic
 + Level 1.0 Poison Magic
 + Level 1.3 Invocations
 + Level 1.2 Evocations


You had 11 spell levels left.
You knew the following spells:

 Your Spells              Type           Power      Damage    Failure   Level
a - Blink                 Tloc           32%        N/A       4%          2

Your spell library contained the following spells:

 Spells                   Type           Power      Damage    Failure   Level
 Gell's Gravitas          Tloc           16%        N/A       8%          3
 Lesser Beckoning         Tloc           16%        N/A       8%          3
 Teleport Other           Tloc           16%        N/A       8%          3
 Manifold Assault         Tloc           16%        N/A       58%         5


Dungeon Overview and Level Annotations

Branches:
Dungeon (3/15)

Altars:
Nemelex Xobeh


Innate Abilities, Weirdness & Mutations

You have very sharp teeth.
Your uncanny sense of smell can sniff out nearby items.
Your experience applies equally to all skills.


Message History

You kill the adder!
Your Conjurations skill increases to level 1!
Your Hexes skill increases to level 1!
Your Summonings skill increases to level 1!
Your Necromancy skill increases to level 1!
Your Transmutations skill increases to level 1!
Your Fire Magic skill increases to level 1!
Your Ice Magic skill increases to level 1!
Your Air Magic skill increases to level 1!
Your Earth Magic skill increases to level 1!
Your Poison Magic skill increases to level 1!
Unknown command.
You barely miss the gnoll. You closely miss the gnoll.
Your punch misses the gnoll. The gnoll misses you. The gnoll barely misses you.
You barely miss the gnoll. The gnoll hits you with a +0 whip.
The gnoll barely misses you.
You barely miss the gnoll. You punch the gnoll. Your bite misses the gnoll.
The gnoll is lightly wounded.
The gnoll barely misses you. The gnoll hits you but does no damage.
You hit the gnoll.
The gnoll is heavily wounded.
The gnoll hits you with a +0 whip!
You barely miss the gnoll.
The gnoll is heavily wounded.
The gnoll hits you from afar with a +0 halberd.
The gnoll closely misses you.
You hit the gnoll but do no damage. You bite the gnoll.
The gnoll is heavily wounded.
The gnoll hits you from afar with a +0 halberd!
* * * LOW HITPOINT WARNING * * *
The gnoll hits you with a +0 whip.
* * * LOW HITPOINT WARNING * * *
You hit the gnoll.
The gnoll is almost dead.
The gnoll barely misses you.
You hit the gnoll but do no damage.
The gnoll is almost dead.
The gnoll hits you with a +0 whip!
You die...

####.#### #J...
#....# #..# #.####
#.S#### #.#
#####...... #.#
#.g.S...... #.#
#S#.....##. #.#
#.##...###.
#.#######.###......
#.@gg.....# #..####
########### #..#
#..#### #......
#.##### #.# #.. #.#
#.# ####### ####.#
#.# #.....# ##....#
#.#


You could see 2 gnolls.

Vanquished Creatures
  A gnoll (D:2)
  3 adders
  A worm (D:2)
  A dart slug (D:2)
  5 ball pythons
  6 bats
  2 endoplasms
  5 giant cockroaches
  5 hobgoblins
  2 quokkas
  2 frilled lizards (D:1)
  4 goblins
  2 kobolds
  7 rats
46 creatures vanquished.

Notes
Turn   | Place    | Note
-------+----------+-------------------------------------------
     0 | D:1      | Ablot the Gnoll Warper began the quest for the Orb.
     0 | D:1      | Reached XP level 1. HP: 20/20 MP: 6/6
   399 | D:1      | Reached XP level 2. HP: 17/26 MP: 7/7
   567 | D:1      | Learned a level 2 spell: Blink
  1135 | D:1      | Found a faded altar of an unknown god.
  1393 | D:2      | Reached XP level 3. HP: 31/31 MP: 9/9
  1397 | D:2      | Reached skill level 5 in Spellcasting
  1498 | D:2      | Found a sparkling altar of Nemelex Xobeh.
  1526 | D:2      | Reached skill level 1 in Invocations
  1983 | D:2      | Reached skill level 1 in Long Blades
  1983 | D:2      | Reached skill level 1 in Axes
  1983 | D:2      | Reached skill level 1 in Maces & Flails
  1983 | D:2      | Reached skill level 1 in Polearms
  1983 | D:2      | Reached skill level 1 in Staves
  1983 | D:2      | Reached skill level 1 in Slings
  1983 | D:2      | Reached skill level 1 in Bows
  1983 | D:2      | Reached skill level 1 in Crossbows
  1983 | D:2      | Reached skill level 1 in Stealth
  1983 | D:2      | Reached skill level 1 in Shields
  1983 | D:2      | Reached skill level 1 in Unarmed Combat
  1983 | D:2      | Reached skill level 1 in Evocations
  2196 | D:2      | You fall into a shaft and drop 1 floor!
  2235 | D:3      | Reached XP level 4. HP: 34/38 MP: 11/11
  2555 | D:2      | Reached skill level 1 in Conjurations
  2555 | D:2      | Reached skill level 1 in Hexes
  2555 | D:2      | Reached skill level 1 in Summonings
  2555 | D:2      | Reached skill level 1 in Necromancy
  2555 | D:2      | Reached skill level 1 in Transmutations
  2555 | D:2      | Reached skill level 1 in Fire Magic
  2555 | D:2      | Reached skill level 1 in Ice Magic
  2555 | D:2      | Reached skill level 1 in Air Magic
  2555 | D:2      | Reached skill level 1 in Earth Magic
  2555 | D:2      | Reached skill level 1 in Poison Magic
  2563 | D:2      | Slain by a gnoll

Illustrated notes

Levels and vault maps discovered:
D:1:      minmay_arrival_floating_metal, layout_basic,
          shapermc_ecumenical_altar_flowoftime, st_stairs_13, minmay_hedge_maze
D:2:      layout_loops_corners, basic_altar, chequers_serial_rivers_micro_c
D:3:      layout_basic

Skill      XL: |  1  2  3  4 |
---------------+-------------+-----
Spellcasting   | 5 |  5.1
Invocations    | 1 |  1.3
Long Blades    | 1 |  1.2
Axes           | 1 |  1.2
Maces & Flails | 1 |  1.2
Polearms       | 1 |  1.2
Staves         | 1 |  1.2
Slings         | 1 |  1.2
Bows           | 1 |  1.2
Crossbows      | 1 |  1.2
Stealth        | 1 |  1.2
Shields        | 1 |  1.2
Unarmed Combat | 1 |  1.2
Evocations     | 1 |  1.2
Conjurations   | 1 |  1.0
Hexes          | 1 |  1.0
Summonings     | 1 |  1.0
Necromancy     | 1 |  1.0
Transmutations | 1 |  1.0
Fire Magic     | 1 |  1.0
Ice Magic      | 1 |  1.0
Air Magic      | 1 |  1.0
Earth Magic    | 1 |  1.0
Poison Magic   | 1 |  1.0
Fighting       | |  4.6
Short Blades   | |  4.6
Throwing       | |  2.8
Armour         | |  2.8
Dodging        | |  4.6
Translocations | |  5.5

Action                   |  1- 3 |  4- 6 || total
-------------------------+-------+-------++-------
Melee: Short sword       |    58 |    35 ||    93
       Bite              |     8 |     3 ||    11
       Dagger            |    71 |     1 ||    72
       Punch             |     1 |     1 ||     2
 Stab: Sleeping          |       |     1 ||     1
Armor: Leather armour    |    28 |     5 ||    33
Dodge: Dodged            |    91 |    28 ||   119
